 Dungeon Crawl Stone Soup version 0.29-a0-233-g1125b37a9b (webtiles) character file.

Game seed: 320694156981215867

1869 esteth the Archer (level 9, 0/103 HPs)
             Began as a Gnoll Hunter on Mar 1, 2022.
             Was an Initiate of Gozag.
             Slain by Prince Ribbit (9 damage)
             ... on level 6 of the Dungeon.
             The game lasted 00:13:34 (7129 turns).

esteth the Archer (Gnoll Hunter)                    Turns: 7129, Time: 00:13:34

Health: 0/103      AC: 11    Str: 12    XL:     9   Next: 13%
Magic:  23/23      EV: 12    Int: 21    God:    Gozag
Gold:   755        SH:  0    Dex: 12    Spells: 15/15 levels left

rFire   . . .      SeeInvis .   q - +1 dagger (venom)
rCold   . . .      Faith    .   (no shield)
rNeg    . . .      Spirit   .   R - +1 ring mail {rPois}
rPois   +          Reflect  .   v - +0 helmet
rElec   .          Harm     .   (no cloak)
rCorr   .          Rampage  .   (no gloves)
Will    .....                   i - +2 pair of boots
Stlth   ..........              (no amulet)
HPRegen 0.27/turn               W - ring of magical power
MPRegen 0.18/turn               I - +6 ring of intelligence

@: berserking (expiring), very quick
A: fangs 1, strong nose, distributed training
a: Renounce Religion, Potion Petition, Call Merchant, Bribe Branch


You were on level 6 of the Dungeon.
You worshipped Gozag.
Gozag was pleased with you.
You visited 2 branches of the dungeon, and saw 7 of its levels.
You also visited: Ossuary.

You collected 796 gold pieces.
You paid 41 gold pieces to Gozag.


Innate Abilities, Weirdness & Mutations

You have very sharp teeth.
Your uncanny sense of smell can sniff out nearby items.
Your experience applies equally to all skills.


   Skills:
 + Level 6.1 Fighting
 + Level 3.9 Short Blades
 + Level 3.9 Long Blades
 + Level 3.9 Axes
 + Level 3.9 Maces & Flails
 + Level 3.9 Polearms
 + Level 3.9 Staves
 + Level 3.9 Slings
 + Level 9.4 Bows
 + Level 3.9 Crossbows
 + Level 3.9 Throwing
 + Level 3.9 Armour
 + Level 6.1 Dodging
 + Level 4.6 Stealth
 + Level 3.9 Shields
 + Level 3.9 Unarmed Combat
 + Level 3.9 Spellcasting
 + Level 3.2 Conjurations
 + Level 3.2 Hexes
 + Level 3.2 Summonings
 + Level 3.2 Necromancy
 + Level 3.2 Translocations
 + Level 3.2 Transmutations
 + Level 3.2 Fire Magic
 + Level 3.2 Ice Magic
 + Level 3.2 Air Magic
 + Level 3.2 Earth Magic
 + Level 3.2 Poison Magic
 + Level 4.3 Invocations
 + Level 3.9 Evocations


You had 15 spell levels left.
You didn't know any spells.
Your spell library contained the following spells:

 Spells                   Type           Power      Damage    Failure   Level
 Blink                    Tloc           34%        N/A       10%         2
 Lesser Beckoning         Tloc           17%        N/A       21%         3
 Stone Arrow              Conj/Erth      34%        3d9       21%         3
 Tukima's Dance           Hex            17%        N/A       21%         3
 Animate Armour           Summ/Erth      34%        N/A       54%         4
 Passage of Golubria      Tloc           17%        N/A       54%         4
 Manifold Assault         Tloc           17%        N/A       88%         5
 Yara's Violent Unravell  Hex/Tmut       8%         3d5       88%         5
 Lehudib's Crystal Spear  Conj/Erth      8%         10d4      100%        8

Inventory:

Hand Weapons
 a - a +1 shortbow
 q - a +1 dagger of venom (weapon)
   (You found it on level 3 of the Dungeon)
Missiles
 g - 189 stones
 r - 6 javelins
Armour
 b - a +0 leather armour
 i - a +2 pair of boots (worn)
   (You found it on level 1 of the Dungeon)
 s - a +0 leather armour of fire resistance
   (You took it off a hobgoblin on level 3 of the Dungeon)
 v - a +0 helmet (worn)
   (You took it off Robin on level 3 of the Dungeon)
 O - a +0 scale mail
   (You found it on level 4 of the Dungeon)
 R - a +1 ring mail of poison resistance (worn)
   (You took it off an orc priest on level 5 of the Dungeon)
Magical Staves
 o - a staff of death {!a}
   (You found it on level 2 of the Dungeon)
Jewellery
 n - a ring of positive energy
   (You found it on level 4 of the Dungeon)
 F - a ring of protection from fire
   (You found it on level 2 of the Dungeon)
 I - a +6 ring of intelligence (right hand)
   (You found it on level 2 of the Dungeon)
 L - a ring of flight
   (You found it on level 5 of the Dungeon)
 W - a ring of magical power (left hand)
   (You found it on level 2 of the Dungeon)
Wands
 Y - a wand of polymorph (8)
   (You found it on level 5 of the Dungeon)
Scrolls
 c - 7 scrolls of identify {@r1}
 d - 2 scrolls of holy word {unknown}
 f - a scroll of torment {unknown}
 j - 5 scrolls of teleportation {unknown}
 t - 2 scrolls of blinking {!r}
 B - a scroll of immolation {unknown}
 H - 2 scrolls of noise {unknown}
 M - 2 scrolls of amnesia {unknown}
 N - 2 scrolls of acquirement {unknown}
 X - a scroll of vulnerability {unknown}
Potions
 k - 4 potions of attraction {!q}
 m - 2 potions of degeneration {unknown}
 x - 2 potions of ambrosia {unknown}
 D - 2 potions of lignification {unknown}
 E - a potion of brilliance {unknown}
 G - a potion of resistance {unknown}
 J - a potion of haste {unknown}
 Q - 2 potions of heal wounds {unknown}

Dungeon Overview and Level Annotations

Branches:
Dungeon (6/15)             Temple (1/1) D:4         Ossuary (visited)

Altars:
Ashenzari
Cheibriados
Dithmenos
Fedhas
Gozag
Hepliaklqana
Kikubaaqudgha
Makhleb
Nemelex Xobeh
Qazlal
Ru
Sif Muna
Uskayaw
Vehumet
Wu Jian
Xom
Yredelemnul
The Shining One

Annotations:
D:3 1 runed translucent door, Crazy Yiuf
D:6 Prince Ribbit

#..........
#########..........
#.......#......<...
#.# #.#..........
#.# #.#.........#
#.# #.#.........#
#.# #.#.........#
#.# #.#.#########
#@# #.#.........
##F####.#......###
#...)...'.........
#######.#.........
#.#######... #.# ..
#.# . #.# #.#


You could see Prince Ribbit (very poisoned).


Message History

What level of the Dungeon? (default 1, ? - help)
There is an open door here.
There is a stone staircase leading down here.
You climb downwards.
There is a stone staircase leading up here.
No target in view!
g - 189 stones (gained 24)
You open the door.
There is an open door here.
You see here a +0 trident.
Prince Ribbit comes into view.
You shoot an arrow. The arrow hits Prince Ribbit!
Prince Ribbit croaks.
You shoot an arrow. The arrow barely misses Prince Ribbit.
You shoot an arrow. The arrow barely misses Prince Ribbit.
Prince Ribbit asks, "Just a little smooch?"
Prince Ribbit winks and puckers his lips.
Prince Ribbit closely misses you.
You shoot an arrow. The arrow closely misses Prince Ribbit.
Prince Ribbit hits you.
Prince Ribbit barely misses you. 😕 HP[-4]
You take 4 damage, and now have 65/69 hp.
You shoot an arrow.
The arrow hits Prince Ribbit but does no damage.
Prince Ribbit catches a mouse with his tongue.
Prince Ribbit hits you but does no damage.
You shoot an arrow. The arrow closely misses Prince Ribbit.
Prince Ribbit hits you but does no damage. x2
You shoot an arrow.
The arrow completely misses Prince Ribbit.
Prince Ribbit closely misses you.
Unknown command.
You shoot an arrow. The arrow barely misses Prince Ribbit.
Prince Ribbit blinks!
You shoot an arrow.
The arrow closely misses Prince Ribbit. 😕 HP[+1]
You shoot an arrow. The arrow closely misses Prince Ribbit.
Prince Ribbit hits you but does no damage.
You shoot an arrow. The arrow closely misses Prince Ribbit.
Prince Ribbit barely misses you. Prince Ribbit hits you. 😕 HP[-4]
You take 4 damage, and now have 62/69 hp.
You shoot an arrow. The arrow hits Prince Ribbit.
Prince Ribbit hits you! 😕 HP[-10]
You take 10 damage, and now have 52/69 hp.
You shoot an arrow. The arrow hits Prince Ribbit.
Prince Ribbit hits you. Prince Ribbit misses you.
You shoot an arrow. The arrow barely misses Prince Ribbit.
Prince Ribbit misses you. Prince Ribbit hits you! 😮 HP[-7]
You take 7 damage, and now have 45/69 hp.
You are too injured to fight recklessly!
You are too injured to fight recklessly!
You are too injured to fight recklessly!
Shoot: a) +1 shortbow
Press: ? - help, Shift-Dir - straight line, f/p - Prince Ribbit
Aim: Prince Ribbit (moderately wounded, 48% to hit)
You shoot an arrow.
The arrow completely misses Prince Ribbit.
Prince Ribbit asks, "Just a little smooch?"
Prince Ribbit hits you!
* * * LOW HITPOINT WARNING * * *
😨 HP[-15]
You take 15 damage, and now have 30/69 hp.
MASSIVE DAMAGE!! (PAUSE) Shoot: a) +1 shortbow
Press: ? - help, Shift-Dir - straight line, f/p - Prince Ribbit
Aim: Prince Ribbit (moderately wounded, 48% to hit)
You shoot an arrow. The arrow hits Prince Ribbit!
Prince Ribbit hops awkwardly around.
Prince Ribbit closely misses you. Prince Ribbit hits you.
* * * LOW HITPOINT WARNING * * *
😨 HP[-5]
You take 5 damage, and now have 25/69 hp. 😨 HP[+1] Prince Ribbit hits you!
* * * LOW HITPOINT WARNING * * *
😱 HP[-11]
You take 11 damage, and now have 15/69 hp.
Okay, then.
Your +1 dagger of venom begins to drip with poison!
q - a +1 dagger of venom (weapon)
Really quaff
K - a potion of berserk rage {!q}?
A red film seems to cover your vision as you go berserk!
You feel yourself moving faster!
You feel mighty!
Prince Ribbit hits you but does no damage.
Prince Ribbit hits you!
* * * LOW HITPOINT WARNING * * *
😱 HP[-7]
You now have 103 max hp (+34).
Unknown command.
You puncture Prince Ribbit!
Prince Ribbit is poisoned.
Prince Ribbit blinks!
Okay, then.
You are too berserk!
You feel a strong urge to attack something.
Prince Ribbit hits you but does no damage.
You closely miss Prince Ribbit. Your bite misses Prince Ribbit.
Prince Ribbit hits you!
You die...
Your body crumbles into a pile of gold.

Skill      XL: |  1  2  3  4  5  6  7  8 |
---------------+-------------------------+-----
Invocations    | 1 2 3 4 |  4.3
Short Blades   | 1 2 3 |  3.9
Long Blades    | 1 2 3 |  3.9
Axes           | 1 2 3 |  3.9
Maces & Flails | 1 2 3 |  3.9
Polearms       | 1 2 3 |  3.9
Staves         | 1 2 3 |  3.9
Slings         | 1 2 3 |  3.9
Crossbows      | 1 2 3 |  3.9
Throwing       | 1 2 3 |  3.9
Armour         | 1 2 3 |  3.9
Shields        | 1 2 3 |  3.9
Unarmed Combat | 1 2 3 |  3.9
Spellcasting   | 1 2 3 |  3.9
Evocations     | 1 2 3 |  3.9
Conjurations   | 1 2 3 |  3.2
Hexes          | 1 2 3 |  3.2
Summonings     | 1 2 3 |  3.2
Necromancy     | 1 2 3 |  3.2
Translocations | 1 2 3 |  3.2
Transmutations | 1 2 3 |  3.2
Fire Magic     | 1 2 3 |  3.2
Ice Magic      | 1 2 3 |  3.2
Air Magic      | 1 2 3 |  3.2
Earth Magic    | 1 2 3 |  3.2
Poison Magic   | 1 2 3 |  3.2
Stealth        | 3 4 |  4.6
Fighting       | 5 6 |  6.1
Dodging        | 5 6 |  6.1
Bows           | 9 |  9.4

Action                   |  1- 3 |  4- 6 |  7- 9 || total
-------------------------+-------+-------+-------++-------
Melee: Dagger            |       |    14 |    28 ||    42
       Shortbow          |       |     2 |     1 ||     3
       Punch             |       |     1 |     1 ||     2
       Bite              |       |     1 |       ||     1
 Fire: Shortbow          |    72 |   186 |   403 ||   661
  Use: Potion            |       |     3 |     3 ||     6
       Scroll            |       |     2 |     1 ||     3
 Stab: Sleeping          |       |       |     1 ||     1
Armor: Leather armour    |    22 |    41 |    65 ||   128
       Ring mail         |       |       |     6 ||     6
Dodge: Dodged            |    36 |    63 |   160 ||   259

Levels and vault maps discovered:
D:1:      dpeg_arrival_renting, layout_rooms,
          shapermc_ecumenical_altar_starsandcircs
D:2:      layout_rooms
D:3:      layout_rooms, gup_sewer_entry_spiral, st_stairs_10, nrook_mini_vaults,
          uniq_crazy_yiuf_cottage, uniq_robin
D:4:      layout_loops_ring, minmay_temple_entry_glass,
          nicolae_ossuary_entry_ruins, minmay_close_crescents, uniq_grinder
D:5:      minmay_skewed_foursquare, layout_cave_pools,
          kennysheep_generic_room_11
D:6:      layout_basic, uniq_prince_ribbit1
Temple:   regret_index_temple_chain_breaker

Notes
Turn   | Place    | Note
-------+----------+-------------------------------------------
     0 | D:1      | esteth the Gnoll Hunter began the quest for the Orb.
     0 | D:1      | Reached XP level 1. HP: 20/20 MP: 1/1
     0 | D:1      | magus.rc [v1.11.3]
    38 | D:1      | Found a faded altar of an unknown god.
   132 | D:1      | You pick up a book of Armaments and begin reading...
   132 | D:1      | You add the spells Stone Arrow, Animate Armour and
                  | Lehudib's Crystal Spear to your library.
   511 | D:2      | Reached XP level 2. HP: 26/26 MP: 2/2
   673 | D:2      | Reached XP level 3. HP: 11/31 MP: 3/3
  1152 | D:3      | Reached skill level 1 in Invocations
  1269 | D:3      | You pick up a book of Spatial Translocations and begin
                  | reading...
  1269 | D:3      | You add the spells Blink, Lesser Beckoning and Manifold
                  | Assault to your library.
  1301 | D:3      | Reached skill level 1 in Short Blades
  1301 | D:3      | Reached skill level 1 in Long Blades
  1301 | D:3      | Reached skill level 1 in Axes
  1301 | D:3      | Reached skill level 1 in Maces & Flails
  1301 | D:3      | Reached skill level 1 in Polearms
  1301 | D:3      | Reached skill level 1 in Staves
  1301 | D:3      | Reached skill level 1 in Slings
  1301 | D:3      | Reached skill level 1 in Crossbows
  1301 | D:3      | Reached skill level 1 in Throwing
  1301 | D:3      | Reached skill level 1 in Armour
  1301 | D:3      | Reached skill level 1 in Shields
  1301 | D:3      | Reached skill level 1 in Unarmed Combat
  1301 | D:3      | Reached skill level 1 in Spellcasting
  1301 | D:3      | Reached skill level 1 in Evocations
  1371 | D:3      | Reached XP level 4. HP: 28/38 MP: 5/5
  1379 | D:3      | Reached skill level 1 in Conjurations
  1379 | D:3      | Reached skill level 1 in Hexes
  1379 | D:3      | Reached skill level 1 in Summonings
  1379 | D:3      | Reached skill level 1 in Necromancy
  1379 | D:3      | Reached skill level 1 in Translocations
  1379 | D:3      | Reached skill level 1 in Transmutations
  1379 | D:3      | Reached skill level 1 in Fire Magic
  1379 | D:3      | Reached skill level 1 in Ice Magic
  1379 | D:3      | Reached skill level 1 in Air Magic
  1379 | D:3      | Reached skill level 1 in Earth Magic
  1379 | D:3      | Reached skill level 1 in Poison Magic
  1599 | D:3      | Noticed a scorpion
  1603 | D:3      | Killed a scorpion
  1604 | D:3      | Reached XP level 5. HP: 43/43 MP: 5/7
  1670 | D:3      | Noticed an ice beast
  1685 | D:3      | Noticed Robin
  1693 | D:3      | Killed Robin
  1805 | D:3      | Killed an ice beast
  1806 | D:3      | Reached skill level 3 in Stealth
  1806 | D:3      | Reached skill level 2 in Invocations
  1806 | D:3      | Reached XP level 6. HP: 50/50 MP: 8/8
  1875 | D:3      | HP: 17/75 [something (4)]
  1885 | D:3      | Reached skill level 5 in Fighting
  1885 | D:3      | Reached skill level 5 in Dodging
  1886 | D:3      | HP: 12/76 [something/magic dart (6)]
  1888 | D:3      | Reached skill level 2 in Short Blades
  1888 | D:3      | Reached skill level 2 in Long Blades
  1888 | D:3      | Reached skill level 2 in Axes
  1888 | D:3      | Reached skill level 2 in Maces & Flails
  1888 | D:3      | Reached skill level 2 in Polearms
  1888 | D:3      | Reached skill level 2 in Staves
  1888 | D:3      | Reached skill level 2 in Slings
  1888 | D:3      | Reached skill level 2 in Crossbows
  1888 | D:3      | Reached skill level 2 in Throwing
  1888 | D:3      | Reached skill level 2 in Armour
  1888 | D:3      | Reached skill level 2 in Shields
  1888 | D:3      | Reached skill level 2 in Unarmed Combat
  1888 | D:3      | Reached skill level 2 in Spellcasting
  1888 | D:3      | Reached skill level 2 in Evocations
  2186 | D:3      | You add the spells Tukima's Dance, Passage of Golubria and
                  | Yara's Violent Unravelling to your library.
  2285 | D:3      | Found a runed translucent door.
  2286 | D:3      | Noticed Crazy Yiuf
  2446 | D:4      | Found a staircase to the Ecumenical Temple.
  2454 | Temple   | Entered the Ecumenical Temple
  2602 | Temple   | Became a worshipper of Gozag Ym Sagoz the Greedy
  2678 | D:4      | Found a sand-covered staircase.
  2696 | D:4      | Noticed an orc warrior
  2698 | Ossuary  | Entered an ossuary
  2823 | Ossuary  | Reached XP level 7. HP: 56/56 MP: 10/10
  3413 | Ossuary  | Reached skill level 2 in Conjurations
  3413 | Ossuary  | Reached skill level 2 in Hexes
  3413 | Ossuary  | Reached skill level 2 in Summonings
  3413 | Ossuary  | Reached skill level 2 in Necromancy
  3413 | Ossuary  | Reached skill level 2 in Translocations
  3413 | Ossuary  | Reached skill level 2 in Transmutations
  3413 | Ossuary  | Reached skill level 2 in Fire Magic
  3413 | Ossuary  | Reached skill level 2 in Ice Magic
  3413 | Ossuary  | Reached skill level 2 in Air Magic
  3413 | Ossuary  | Reached skill level 2 in Earth Magic
  3413 | Ossuary  | Reached skill level 2 in Poison Magic
  3586 | D:4      | HP: 14/56 [orc warrior/+0 halberd of protection (20)]
  3602 | D:4      | HP: 11/56 [orc warrior/boomerang (12)]
  4199 | D:4      | Noticed Grinder
  4206 | D:4      | Paralysed by Grinder for 7 turns
  4233 | D:4      | Killed Grinder
  4234 | D:4      | Reached skill level 9 in Bows
  4234 | D:4      | Reached skill level 3 in Invocations
  4234 | D:4      | Reached XP level 8. HP: 29/63 MP: 12/12
  4770 | D:4      | HP: 13/63 [orc warrior/+0 halberd of protection (13)]
  5031 | D:5      | Entered Level 5 of the Dungeon
  5079 | D:5      | Reached skill level 3 in Short Blades
  5079 | D:5      | Reached skill level 3 in Long Blades
  5079 | D:5      | Reached skill level 3 in Axes
  5079 | D:5      | Reached skill level 3 in Maces & Flails
  5079 | D:5      | Reached skill level 3 in Polearms
  5079 | D:5      | Reached skill level 3 in Staves
  5079 | D:5      | Reached skill level 3 in Slings
  5079 | D:5      | Reached skill level 3 in Crossbows
  5079 | D:5      | Reached skill level 3 in Throwing
  5079 | D:5      | Reached skill level 3 in Armour
  5079 | D:5      | Reached skill level 3 in Shields
  5079 | D:5      | Reached skill level 3 in Unarmed Combat
  5079 | D:5      | Reached skill level 3 in Spellcasting
  5079 | D:5      | Reached skill level 3 in Evocations
  5198 | D:5      | Reached skill level 4 in Stealth
  5702 | D:5      | Reached skill level 3 in Conjurations
  5702 | D:5      | Reached skill level 3 in Hexes
  5702 | D:5      | Reached skill level 3 in Summonings
  5702 | D:5      | Reached skill level 3 in Necromancy
  5702 | D:5      | Reached skill level 3 in Translocations
  5702 | D:5      | Reached skill level 3 in Transmutations
  5702 | D:5      | Reached skill level 3 in Fire Magic
  5702 | D:5      | Reached skill level 3 in Ice Magic
  5702 | D:5      | Reached skill level 3 in Air Magic
  5702 | D:5      | Reached skill level 3 in Earth Magic
  5702 | D:5      | Reached skill level 3 in Poison Magic
  5702 | D:5      | Reached skill level 4 in Invocations
  6164 | D:5      | Reached skill level 6 in Fighting
  6164 | D:5      | Reached skill level 6 in Dodging
  6558 | D:5      | Reached XP level 9. HP: 65/69 MP: 14/14
  7104 | D:6      | Noticed Prince Ribbit
  7122 | D:6      | HP: 15/69 [Prince Ribbit (11)]
  7129 | D:6      | Slain by Prince Ribbit

Vanquished Creatures
  Grinder (D:4)
  A water moccasin (D:5)
  A black bear (D:5)
  An ice beast (D:3)
  2 ogres (D:5)
  2 phantoms (D:5)
  2 scorpions
  3 killer bees (D:5)
  An orc priest (D:5)
  4 hounds
  A jelly (D:5)
  6 iguanas
  3 orc wizards
  Robin (D:3)
  11 mummies (Ossuary)
  8 adders
  4 gnolls (D:4)
  A white imp (D:5)
  A worm (D:5)
  3 dart slugs
  13 orcs
  12 ball pythons
  6 endoplasms
  2 giant cockroaches (D:3)
  14 goblins
  7 hobgoblins
  9 jackals
  7 kobolds
  8 quokkas
  4 bats (D:3)
  3 gnoll skeletons (Ossuary)
  A kobold skeleton (Ossuary)
  4 orc skeletons (Ossuary)
  5 rats
  11 rat skeletons (Ossuary)
163 creatures vanquished.

Table legend:
 A = Non-vault XP
 B = Vault XP
 C = Vault XP percentage of total XP
 D = Non-vault monster count
 E = Vault monster count
 F = Vault count percentage of total count
                 A         B        C        D         E       F
            +---------+---------+-------+---------+---------+-------
      Total |    1836 |     834 |  31.2 |     108 |      55 |  33.7
            +---------+---------+-------+---------+---------+-------
        D:1 |       5 |       0 |   0.0 |       3 |       0 |   0.0
        D:2 |      50 |       0 |   0.0 |      20 |       0 |   0.0
        D:3 |     377 |      41 |   9.8 |      30 |      14 |  31.8
        D:4 |     259 |     290 |  52.8 |      27 |       5 |  15.6
        D:5 |    1145 |     288 |  20.1 |      28 |       6 |  17.6
    Ossuary |       0 |     215 | 100.0 |       0 |      30 | 100.0
            +---------+---------+-------+---------+---------+-------

Illustrated notes

Table legend:
 A = Kills in this place as a percentage of kills in entire the game.
 B = Kills by you in this place as a percentage of kills by you in the entire game.
 C = Kills by friends in this place as a percentage of kills by friends in the entire game.
 D = Other kills in this place as a percentage of other kills in the entire game.
 E = Experience gained in this place as a percentage of experience gained in the entire game.
 F = Experience gained in this place divided by the number of levels of this place that you have seen.
                   A       B       C       D       E      F
               +-------+-------+-------+-------+-------+----------------------
         Total | 100.0 | 100.0 |   N/A |   N/A | 100.0 | 333.8
       Dungeon |  81.6 |  81.6 |   N/A |   N/A |  91.9 | 409.2
       Ossuary |  18.4 |  18.4 |   N/A |   N/A |   8.1 | 215.0
               +-------+-------+-------+-------+-------+----------------------

Table legend: (Time is in decaauts)
 A = Elapsed time spent in this place.
 B = Non-inter-level travel time spent in this place.
 C = Inter-level travel time spent in this place.
 D = Time resting spent in this place.
 E = Time spent auto-exploring this place.
 F = Levels seen in this place.
 G = Mean time per level.
                   A        B        C        D        E       F      G
               +--------+--------+--------+--------+--------+-----+--------+
         Total |   7242 |   7057 |    185 |   1202 |   4374 |   8 |  905.2 |
       Dungeon |   6226 |   6081 |    145 |   1202 |   3646 |   6 | 1037.7 |
        Temple |    167 |    127 |     40 |      0 |     87 |   1 |  167.0 |
       Ossuary |    848 |    848 |      0 |      0 |    641 |   1 |  848.0 |
               +--------+--------+--------+--------+--------+-----+--------+

Top non-repeatable levels by time:
     D:5: 2060 daAuts
     D:3: 1514 daAuts
     D:4: 1237 daAuts
     D:2: 851 daAuts
 Ossuary: 848 daAuts
     D:1: 507 daAuts
  Temple: 167 daAuts
     D:6: 55 daAuts
